 Dungeon Crawl Stone Soup version 0.31-a0-521-gc7390f8997 (webtiles) character file.

Game seed: 11241013614229114687

424 MisterAzrael the Slasher (level 6, -1/52 HPs)
             Began as a Minotaur Fighter on Aug 10, 2023.
             Succumbed to an orc wizard's poison
             ... on level 3 of the Dungeon.
             The game lasted 00:02:46 (2152 turns).

MisterAzrael the Slasher (Minotaur Fighter)         Turns: 2152, Time: 00:02:47

Health: -1/52      AC: 12    Str: 18 (20) XL:     6   Next: 64%
Magic:  5/5        EV:  7    Int:  3 (5)  God:
Gold:   73         SH:  0    Dex: 11 (12) Spells: 5/5 levels left

rFire   . . .        m - +2 long sword (protect)
rCold   . . .        c - +0 buckler
rNeg    . . .        q - +0 chain mail
rPois   .            (helmet restricted)
rElec   .            (no cloak)
rCorr   .            g - +2 pair of gloves
SInv    .            (no boots)
Will    .....        (no amulet) Stlth
                     (no ring)
HPRegen 0.28/turn    (no ring)
MPRegen 0.09/turn

%: no passive effects
@: confused, lethally poisoned (-1 -> -27)
A: horns 2, retaliatory headbutt
a: no special abilities


You were on level 3 of the Dungeon.
You visited 1 branch of the dungeon, and saw 3 of its levels.

You collected 73 gold pieces.

Inventory:

Hand Weapons
 a - a +0 long sword
 m - a +2 long sword of protection (weapon)
Missiles
 e - 7 boomerangs
Armour
 b - a +0 scale mail
 c - a +0 buckler (worn)
 g - a +2 pair of gloves (worn)
 q - a +0 chain mail (worn)
Jewellery
 h - a +6 ring of intelligence
 p - a +6 ring of intelligence
 t - an amulet of faith
Wands
 u - a wand of mindburst (12)
Scrolls
 f - 2 scrolls of immolation {unknown}
 i - 3 scrolls of noise {unknown}
 j - 2 scrolls of teleportation {unknown}
 k - 3 scrolls of revelation {unknown}
 l - a scroll of poison {unknown}
 n - a scroll of fog {unknown}
Potions
 d - 2 potions of might
 s - a potion of brilliance {unknown}


   Skills:
 - Level 3.7 Fighting
 + Level 7.0 Long Blades
 + Level 3.7 Throwing
 - Level 3.7 Armour
 - Level 3.7 Shields


You had 5 spell levels left.
You didn't know any spells.
Your spell library contained the following spells:

 Spells                   Type           Power      Damage    Failure   Level
 Freeze                   Ice            0%         1d3       100%        1
 Frozen Ramparts          Ice            0%         1d1       100%        3
 Hailstorm                Conj/Ice       0%         3d3       100%        3


Dungeon Overview and Level Annotations

Branches:
Dungeon (3/15)

Altars:


Innate Abilities, Weirdness & Mutations

You have a pair of horns on your head.
You reflexively headbutt those who attack you in melee.


Message History

You are more poisoned.
You hit something.
Your weapon exudes an aura of protection.
Your headbutt misses something.
You feel very sick.
You hear some strange, mumbled words.
A puff of flame appears from out of thin air!
The puff of flame hits you.
* * * LOW HITPOINT WARNING * * *
You're too confused to move!
* * * LOW HITPOINT WARNING * * *
You feel very sick. Something hits you but does no damage.
You are more confused.
You feel invigorated.
You feel very sick.
You hear some strange, mumbled words.
You are more confused.
You feel sick. Something hits you but does no damage.
You are lethally poisoned!
You feel less invigorated.
You feel very sick. Something hits you but does no damage.
* * * LOW HITPOINT WARNING * * *
You feel very sick. Something hits you but does no damage.
You are lethally poisoned!
* * * LOW HITPOINT WARNING * * *
You feel very sick. Something hits you but does no damage.
You are more poisoned.
You bump into the rock wall.
* * * LOW HITPOINT WARNING * * *
You feel very sick. Something hits you but does no damage.
You are more poisoned.
It was a potion of degeneration.
There was something very wrong with that liquid.
You feel weakened.
You feel dopey.
You feel clumsy.
You die...

.#......###........#
##......##..~...~..##
#......#o..o.......##
.#......#o.o.or......#
....>...#o...........#
.####...##.oo...~..# #
#...###o.......#
#....#########o#
#..#........@{o#
#...############
#.....# ..##.#.# ....
#...# .... ##..# ....
..# #.... ..# ..... .#


You could see an orc priest and an orc.

Vanquished Creatures
  Sigmund (D:3)
  2 orc priests (D:3)
  Natasha (twice) (D:2)
  An adder (D:2)
  7 gnolls
  2 worms
  A dart slug (D:1)
  8 orcs (D:3)
  5 ball pythons
  5 bats
  4 endoplasms
  5 giant cockroaches
  6 hobgoblins
  4 jackals
  2 kobolds
  3 quokkas
  4 frilled lizards
  5 goblins
  4 rats
71 creatures vanquished.

Notes
Turn   | Place    | Note
-------+----------+-------------------------------------------
     0 | D:1      | MisterAzrael the Minotaur Fighter began the quest for the
                  | Orb.
     0 | D:1      | Reached XP level 1. HP: 19/19 MP: 0/0
   315 | D:1      | Reached skill level 3 in Long Blades
   315 | D:1      | Reached XP level 2. HP: 27/27 MP: 1/1
   769 | D:1      | Reached skill level 4 in Long Blades
   769 | D:1      | Reached XP level 3. HP: 33/33 MP: 2/2
  1208 | D:2      | Reached skill level 5 in Long Blades
  1208 | D:2      | Reached XP level 4. HP: 17/40 MP: 3/3
  1368 | D:2      | Noticed Natasha
  1374 | D:2      | Killed Natasha
  1375 | D:2      | Reached skill level 1 in Throwing
  1571 | D:2      | Noticed Natasha
  1580 | D:2      | Killed Natasha
  1581 | D:2      | Reached XP level 5. HP: 41/46 MP: 4/4
  1755 | D:3      | Reached skill level 6 in Long Blades
  1897 | D:3      | Found a faded altar of an unknown god.
  1951 | D:3      | Noticed Sigmund
  1967 | D:3      | Killed Sigmund
  1968 | D:3      | Reached XP level 6. HP: 50/52 MP: 5/5
  2137 | D:3      | Reached skill level 7 in Long Blades
  2152 | D:3      | Succumbed to an orc wizard's poison

Illustrated notes

Levels and vault maps discovered:
D:1:      lemuel_arrival_cross, layout_basic, chequers_serial_rivers_marsh
D:2:      layout_rooms, uniq_natasha
D:3:      cheibrodos_pilgrimage, layout_basic,
          ebering_ecumenical_altar_abandoned, uniq_sigmund, uniq_terence

Skill      XL: |  1  2  3  4  5  6 |
---------------+-------------------+-----
Long Blades    | 3 4 5 6 7 |  7.0
Throwing       | 1 3 |  3.7
Fighting       | |  3.7
Armour         | |  3.7
Shields        | |  3.7

Action                     |  1- 3 |  4- 6 || total
---------------------------+-------+-------++-------
  Melee: Long sword        |    94 |    94 ||   188
         Headbutt          |     9 |     9 ||    18
    Use: Potion            |     3 |     3 ||     6
 Armour: Scale mail        |    36 |    20 ||    56
         Chain mail        |       |    41 ||    41
  Dodge: Dodged            |    50 |    29 ||    79
  Block: Buckler           |    29 |    19 ||    48

Table legend: (Time is in decaauts)
 A = Elapsed time spent in this place.
 B = Non-inter-level travel time spent in this place.
 C = Inter-level travel time spent in this place.
 D = Time resting spent in this place.
 E = Time spent auto-exploring this place.
 F = Levels seen in this place.
 G = Mean time per level.
                   A        B        C        D        E       F      G
               +--------+--------+--------+--------+--------+-----+--------+
         Total |   2190 |   2149 |     41 |      0 |   1628 |   3 |  730.0 |
       Dungeon |   2190 |   2149 |     41 |      0 |   1628 |   3 |  730.0 |
               +--------+--------+--------+--------+--------+-----+--------+

Top non-repeatable levels by time:
     D:1: 1085 daAuts
     D:2: 567 daAuts
     D:3: 537 daAuts
